 Dungeon Crawl Stone Soup version 0.28-a0-1447-ga5a8893891 (webtiles) character file.

Game seed: 13303945998049155696

1246 testman the Cleaver (level 8, -4/97 HPs)
             Began as a Palentonga Fighter on Jan 10, 2022.
             Was a Believer of Trog.
             Slain by a wyvern (5 damage)
             ... on level 5 of the Dungeon.
             The game lasted 00:21:19 (6097 turns).

testman the Cleaver (Palentonga Fighter)            Turns: 6097, Time: 00:21:20

Health: -4/97      AC: 14    Str: 22    XL:     8   Next: 25%
Magic:  8/8        EV:  9    Int:  9    God:    Trog [**....]
Gold:   162        SH:  4    Dex:  9    Spells: 7/7 levels left

rFire   . . .      SeeInvis +   a - +0 war axe
rCold   . . .      Faith    .   c - +0 buckler
rNeg    . . .      Spirit   .   s - +0 steam dragon scales
rPois   .          Reflect  .   o - +0 helmet
rElec   .          Harm     .   (no cloak)
rCorr   .          Rampage  .   (no gloves)
Will    .....                   (no barding)
Stlth   ..........              (no amulet)
HPRegen 0.26/turn               (no ring)
MPRegen 0.11/turn               (no ring)

@: berserking, curled up, very quick
A: large, rugged brown scales 3, see invisible, deformed body, roll 1, armoured
tail, reflexive curl
a: Rolling Charge, Renounce Religion, Berserk, Trog's Hand


You were on level 5 of the Dungeon.
You worshipped Trog.
Trog was pleased with you.
You visited 1 branch of the dungeon, and saw 6 of its levels.

You collected 162 gold pieces.

Inventory:

Hand Weapons
 a - a +0 war axe (weapon)
 p - a +0 hunting sling
Missiles
 f - 139 stones (quivered)
 n - 21 sling bullets
Armour
 b - a +0 scale mail
 c - a +0 buckler (worn)
 o - a +0 helmet (worn)
 s - +0 steam dragon scales (worn)
Jewellery
 r - a ring of ice
Scrolls
 e - a scroll of amnesia {unknown}
 g - a scroll of identify
 h - a scroll of summoning {unknown}
 i - 2 scrolls of teleportation
 j - a scroll of immolation {unknown}
 l - a scroll of fog {unknown}
 m - a scroll of fear {unknown}
 q - a scroll of magic mapping {unknown}
Potions
 d - a potion of might
 k - a potion of ambrosia
 t - a potion of flight {unknown}
 u - 2 potions of lignification {unknown}


   Skills:
 + Level 4.5 Fighting
 + Level 8.9 Axes
 - Level 2.6 Armour
 + Level 3.7 Shields


You had 7 spell levels left.
You didn't know any spells.
Your spell library contained the following spells:

 Spells                   Type           Power      Damage    Failure   Level
 Tukima's Dance           Hex            0%         N/A       83%         3
 Anguish                  Hex/Necr       0%         N/A       99%         4
 Enfeeble                 Hex            0%         N/A       100%        7


Dungeon Overview and Level Annotations

Branches:
Dungeon (6/15)
 Temple: D:4-7

Altars:
Cheibriados
Dithmenos
Hepliaklqana
Trog
Wu Jian

Shops:
D:2 (


Innate Abilities, Weirdness & Mutations

You are completely covered in rugged brown scales. (AC +3, +7% HP)
You have supernaturally acute eyesight. (SInv)
Armour fits poorly on your strangely shaped body.
You can roll at nearby foes to attack.
You have a long armoured tail.
You curl defensively after being hit. (AC +7*)


Message History

The bullfrog zombie moves out of view.
Found a scroll labelled JIOT ORUUMAPTE.
Found a stone staircase leading down.
Found a puce potion.
Found an escape hatch in the ceiling.
A wyvern comes into view.
The wyvern hisses angrily.
The bullfrog zombie hits you.
An orc comes into view. It is wielding a +0 dagger.
Found a stone staircase leading up.
The orc moves out of view.
The bullfrog zombie hits you but does no damage.
An orc comes into view. It is wielding a +0 club.
The orc shouts! x2; You hear a shout!
An orc wizard comes into view. It is wielding a +0 dagger.
You hear a shout!
You hear a shout!
Found a scroll of teleportation.
The wyvern bites you but does no damage.
A centaur comes into view.
The centaur shouts!
The centaur wields a +0 shortbow.
The centaur shoots an arrow.
The arrow closely misses you. The wyvern closely misses you.
There is a stone staircase leading up here.
The wyvern bites you! The bullfrog zombie hits you.
* * * LOW HITPOINT WARNING * * *
You climb upwards.
There is a stone staircase leading down here.
You are too injured to fight recklessly!
You slash the wyvern!
Your tail-slap misses the wyvern.
The wyvern is moderately wounded.
The wyvern bites you!
* * * LOW HITPOINT WARNING * * *
You block the wyvern's attack.
A red film seems to cover your vision as you go berserk!
You feel yourself moving faster!
You feel mighty! The wyvern bites you!
* * * LOW HITPOINT WARNING * * *
You closely miss the wyvern.
Your tail-slap misses the wyvern.
The wyvern is moderately wounded.
The wyvern bites you.
You die...

.##...##.....##.......≈≈.......##
.'............##......§§......###
.#.............##.....§≈.....####
.#....##.....##.##..........## #.
.#....#####'###..##........## #.
.##...##..........########## #.
.##...##.........## #.
..#...##...).##..## #.
..#...##.....##.@.# ##.
..#...#........l..# #..
..#...#...........# #.#
..#...#........[.##############.#
<.#...#..........##.............#
..#...#............).....########
###############..........#
###.###### #..........#
.#.......# #.......)..#


You could see a wyvern.

Vanquished Creatures
  A steam dragon (D:5)
  A water moccasin (D:5)
  An ice beast (D:6)
  2 black bears (D:4)
  A necrophage (D:4)
  An ogre (D:4)
  A scorpion (D:5)
  3 hounds
  A jelly (D:6)
  An orc priest (D:5)
  An orc wizard (D:5)
  2 iguanas
  A hound zombie (D:5)
  A hound skeleton (D:5)
  4 gnolls (D:4)
  9 adders
  An adder skeleton (D:4)
  4 worms
  4 dart slugs
  12 orcs (D:5)
  11 ball pythons
  8 endoplasms
  5 giant cockroaches
  7 goblins
  7 hobgoblins
  4 quokkas
  8 bats
  7 frilled lizards
  7 kobolds
  6 rats
  A spectral hobgoblin (D:3)
123 creatures vanquished.

Notes
Turn   | Place    | Note
-------+----------+-------------------------------------------
     0 | D:1      | testman the Palentonga Fighter began the quest for the Orb.
     0 | D:1      | Reached XP level 1. HP: 19/19 MP: 1/1
   252 | D:1      | Reached XP level 2. HP: 25/25 MP: 2/2
  1125 | D:1      | Reached XP level 3. HP: 31/31 MP: 3/3
  1193 | D:2      | Reached skill level 3 in Axes
  1416 | D:2      | Found a bloodstained altar of Trog.
  1425 | D:2      | Became a worshipper of Trog the Wrathful
  1587 | D:3      | Noticed a steam dragon
  1879 | D:2      | Found Feschoix's Antique Weapon Shop.
  2209 | D:2      | Reached XP level 4. HP: 37/37 MP: 4/4
  2304 | D:2      | Reached skill level 4 in Axes
  2641 | D:2      | Reached * piety under Trog
  2966 | D:3      | Reached XP level 5. HP: 13/43 MP: 5/5
  3251 | D:3      | Found a hazy altar of Hepliaklqana.
  3404 | D:4      | Noticed a necrophage
  3409 | D:4      | Reached skill level 5 in Axes
  3700 | D:4      | Reached skill level 6 in Axes
  3813 | D:4      | Noticed an ogre
  3818 | D:4      | Killed an ogre
  3819 | D:4      | Reached XP level 6. HP: 38/50 MP: 6/6
  3940 | D:4      | Reached skill level 7 in Axes
  4144 | D:4      | Gained mutation: You curl defensively after being hit. (AC
                  | +7*) [Palentonga growth]
  4144 | D:4      | Reached XP level 7. HP: 40/55 MP: 7/7
  4289 | D:4      | Found a shadowy altar of Dithmenos.
  4669 | D:4      | Found an ornate altar of the Wu Jian Council.
  4923 | D:5      | Entered Level 5 of the Dungeon
  4925 | D:5      | Reached skill level 8 in Axes
  4968 | D:5      | Reached ** piety under Trog
  4983 | D:5      | Found a snail-covered altar of Cheibriados.
  5967 | D:6      | Noticed a steam dragon
  5972 | D:5      | Killed a steam dragon
  5973 | D:5      | Reached XP level 8. HP: 64/64 MP: 8/8
  6096 | D:5      | HP: 1/97 [wyvern (16)]
  6097 | D:5      | Slain by a wyvern

Illustrated notes

Levels and vault maps discovered:
D:1:      amcnicky_arrival_gap_in_the_tavern_cellar, layout_loops_corners,
          wad_floor_pattern_untrapped
D:2:      minmay_diamond_boxcup, layout_basic, basic_altar, serial_shops,
          nicolae_shop_statue_plus, minmay_misc_feat_more_columns
D:3:      layout_rooms, nicolae_hepliaklqana_monster_ancestors, st_stairs_10,
          minivault_14
D:4:      layout_basic, nicolae_wu_jian_immortal_techniques,
          mainiacjoe_overflow_brackets, minivault_19, st_stairs_12
D:5:      layout_gridville, slow_altar_2, kennysheep_cross_room
D:6:      layout_cave_pools, lemuel_tele_altar, minmay_temple_entry_hall,
          portal_sewer_entry_e

Skill      XL: |  1  2  3  4  5  6  7 |
---------------+----------------------+-----
Axes           | 3 4 6 7 8 |  8.9
Shields        | 3 |  3.7
Fighting       | 4 |  4.5
Armour         | |  2.6

Action                   |  1- 3 |  4- 6 |  7- 9 || total
-------------------------+-------+-------+-------++-------
Melee: War axe           |   134 |   110 |    97 ||   341
       Tailslap          |     7 |    14 |    13 ||    34
Invok: Berserk           |       |     1 |     2 ||     3
 Abil: Rolling Charge    |     1 |     5 |     8 ||    14
  Use: Scroll            |     2 |       |     1 ||     3
       Potion            |     1 |       |     1 ||     2
Armor: Scale mail        |    66 |    51 |    58 ||   175
       Steam dragon scal |       |       |     4 ||     4
Dodge: Dodged            |    54 |    37 |    32 ||   123
Block: Buckler           |    17 |    19 |    18 ||    54

Table legend: (Time is in decaauts)
 A = Elapsed time spent in this place.
 B = Non-inter-level travel time spent in this place.
 C = Inter-level travel time spent in this place.
 D = Time resting spent in this place.
 E = Time spent auto-exploring this place.
 F = Levels seen in this place.
 G = Mean time per level.
                   A        B        C        D        E       F      G
               +--------+--------+--------+--------+--------+-----+--------+
         Total |   6212 |   6106 |    106 |   1780 |   3320 |   6 | 1035.3 |
       Dungeon |   6212 |   6106 |    106 |   1780 |   3320 |   6 | 1035.3 |
               +--------+--------+--------+--------+--------+-----+--------+

Top non-repeatable levels by time:
     D:4: 1529 daAuts
     D:2: 1418 daAuts
     D:1: 1201 daAuts
     D:5: 1095 daAuts
     D:3: 872 daAuts
     D:6: 94 daAuts
